Unix NetHack Version 5.0.0-0 post-release - last build Jul 14 2026 02:55:29 (1809b74e8187c3a3585e283601c3028b46cbbdcb,branch:main).

Game began 2026-07-18 14:01:25, ended 2026-07-18 14:09:39.

IanCurtis, chaotic male elven Wizard

                                              ------    ------------
   ------------                               |....|####-..........|
   |..........|                               |....|#   |..........|
   |........*..                               |..{.|#   |..........|
   |..........|        ----------------       |..<.|#  #...........|
   |..........-########-.{............|#      |....+### |..........|
   |..........|     ###|...............#      ---|--#   ------------
   |.>........|     ###|..............|##############
   ---------.--   ### #|..............|#         #
            #     #   #----------------
            #   ###   ##########%##### #
          ###   #                    ####   --+--
          #     #                      ###q@f...|
      ----|- ####                           |...|
      |....| #                              |...|
      |....| #                              |...|
      |.....##                              -----
      ------

IanCurtis the Conjurer    St:8 Dx:13 Co:12 In:20 Wi:12 Ch:12  Chaotic
Dlvl:3  $:61 HP:0(30) Pw:35(51) AC:9  Xp:5 T:1443  Burdened

Latest messages:
 You stop.  Your kitten is in the way!
 You swap places with your kitten.
 You swap places with your kitten.
 You hear a jackal howling at the moon.
 You hear the footsteps of a guard on patrol.
 In what direction? l
 The spell hits the werejackal!
 The werejackal resists!
 The werejackal changes into a jackal.
 The werejackal bites!
 You avoid harm.
 In what direction? l
 The spell hits the werejackal!
 You kill the werejackal!
 You hear bubbling water.
 You see here a werejackal corpse.
 You swap places with your kitten.
 What do you want to call this dungeon level? vault
 You hear the footsteps of a guard on patrol.
 You stop searching.
 In what direction? h
 The spell hits the rothe!
 You kill the rothe!
 You hear something shatter!
 You hear the footsteps of a guard on patrol.
 What do you want to wield? [- adB or ?*] ?
 B - an elven dagger named Sting (weapon in right hand).
 You hit the rothe.
 The rothe hits!
 The rothe just misses!
 The rothe bites!
 The rothe hits!
 The rothe bites!
 The rothe bites again!
 You miss the rothe.
 The rothe hits!
 The rothe bites!
 The rothe bites again!
 In what direction? h
 The spell misses the rothe.
 The rothe hits!
 The rothe bites!
 The rothe bites again!
 In what direction? h
 The spell hits the rothe!
 The rothe hits!
 The rothe just misses!
 The rothe bites!
 You die...
 Do you want your possessions identified? [ynq] (y) q

Inventory:
 Coins    ('$')
  $ - 61 gold pieces
 Weapons  (')')
  B - the +0 Sting (weapon in right hand)
  a - a blessed +1 quarterstaff
 Armor    ('[')
  t - an uncursed rusty +0 orcish helm (being worn)
  b - a blessed +0 cloak of magic resistance (being worn)
 Comestibles  ('%')
  w - an uncursed carrot
  C - 2 uncursed cram rations
  p - 2 uncursed food rations
  D - an uncursed tripe ration
  s - an uncursed lichen corpse
 Scrolls  ('?')
  A - an uncursed scroll of amnesia
  k - an uncursed scroll of blank paper
  z - an uncursed scroll of identify
  r - a blessed scroll of light
  i - an uncursed scroll of light
  q - a cursed scroll of light
  j - an uncursed scroll of magic mapping
 Spellbooks  ('+')
  m - an uncursed spellbook of confuse monster
  l - a blessed spellbook of force bolt
 Potions  ('!')
  E - an uncursed potion of enlightenment
  F - an uncursed potion of fruit juice
  y - an uncursed potion of healing
  K - a cursed potion of paralysis
  h - 2 uncursed potions of see invisible
  v - an uncursed potion of sleeping
  f - an uncursed potion of water
  g - an uncursed potion of water
 Rings    ('=')
  e - an uncursed ring of shock resistance
  J - an uncursed ring of slow digestion (on right hand)
 Wands    ('/')
  c - a wand of fire (0:7)
 Tools    ('(')
  n - a magic marker (0:19)
  d - a +0 pick-axe
  I - an uncursed partly used wax candle

IanCurtis the Wizard's attributes:

Background:
 You were a Conjurer, a level 5 male elven Wizard.
 You were chaotic, nominally on a mission for Anhur
 who was opposed by Ptah (lawful) and Thoth (neutral).
 You were right-handed.
 You were in the Dungeons of Doom, on level 3.
 You entered the dungeon 1443 turns ago.
 You had 205 experience points, 115 more were needed to attain level 6.

Basics:
 You had 0 out of 30 hit points.
 You had 35 out of 51 energy points (spell power).
 Your armor class was 9.
 Your wallet contained 61 zorkmids.
 Autopickup was off.

Final Characteristics:
 Your strength was 8 (limit:18).
 Your dexterity was 13 (limit:18).
 Your constitution was 12 (limit:16).
 Your intelligence was 20 (limit:20).
 Your wisdom was 12 (limit:20).
 Your charisma was 12 (limit:18).

Final Status:
 You weren't hungry.
 You were burdened; movement was slightly slowed.
 You were wielding a dagger.
 You were unskilled in dagger.

Final Attributes:
 You were devoutly aligned.
 You were magic-protected.
 You were sleep resistant.
 You were aware of the presence of orcs.
 You had infravision.
 You had slower digestion.
 You were warded.
 You are dead.

Miscellaneous:
 You didn't encounter any bones levels.
 Total elapsed playing time was 8 minutes and 14 seconds.

Major events:
 Turn
    1: IanCurtis the chaotic male elven Wizard entered the dungeon
  599: became literate by naming Sting
  610: entered the Gnomish Mines
  627: attained the rank of Conjurer (level 3)
 1443: killed by a rothe

Spells:
 Name                 Level Category     Fail Retention
 force bolt             1   attack         0%  91%-100%
 confuse monster        1   enchantment    0%  91%-100%

Skills:
 Fighting Skills
   bare handed combat [Unskilled]
   riding             [Unskilled]
 Weapon Skills
   dagger             [Unskilled]
   knife              [Unskilled]
   axe                [Unskilled]
   short sword        [Unskilled]
   club               [Unskilled]
   mace               [Unskilled]
   quarterstaff       [Basic]
   polearms           [Unskilled]
   spear              [Unskilled]
   trident            [Unskilled]
   sling              [Unskilled]
   dart               [Unskilled]
   shuriken           [Unskilled]
 Spellcasting Skills
   attack spells      [Basic]
   healing spells     [Unskilled]
   divination spells  [Unskilled]
   enchantment spells [Basic]
   clerical spells    [Unskilled]
   escape spells      [Unskilled]
   matter spells      [Unskilled]

Voluntary challenges:
 Character rerolling was not enabled.
 You were an atheist.
 You never genocided any monsters.
 You never polymorphed an object.
 You never changed form.
 You used no wishes.
Achievements:
 You entered the Gnomish Mines.
 You attained the rank of Conjurer.
 You entered a shop.

 The Dungeons of Doom: levels 1 to 5
    Level 1:
    Level 2: "vault, closed shop"
       A fountain.
    Level 3: "vault" <- You were here.
       A fountain, a sink.
       Final resting place for
          you, killed by a rothe.
    Level 4:
       A potion shop.
       Stairs down to The Gnomish Mines.
    Level 5:
 The Gnomish Mines:
    Level 5:


Vanquished creatures:
  a pony
  a gnome leader
  2 gray oozes
  3 dwarves
  a rothe
  a werejackal
  2 coyotes
  2 hobbits
  a giant rat
  9 gnomes
  a gnome zombie
  a gecko
  2 jackals
  a kobold
  8 grid bugs
  2 lichens
  4 newts
42 creatures vanquished.

No species were genocided or became extinct.

Game over:
                       ----------
                      /          \
                     /    REST    \
                    /      IN      \
                   /     PEACE      \
                  /                  \
                  |    IanCurtis     |
                  |      61 Au       |
                  |   killed by a    |
                  |      rothe       |
                  |                  |
                  |                  |
                  |       2026       |
                 *|     *  *  *      | *
        _________)/\\_//(\/(/\)/\//\/|_)_______

Goodbye IanCurtis the Wizard...

You died in The Dungeons of Doom on dungeon level 3 with 1085 points,
and 61 pieces of gold, after 1443 moves.
You were level 5 with a maximum of 30 hit points when you died.

